 Dungeon Crawl Stone Soup version 0.31-a0-844-gdc52ec4e09 (webtiles) character file.

Game seed: 3937161679495902433

358 Ijustatesigmund the Magician (level 6, 0/36 HPs)
             Began as a Deep Elf Fire Elementalist on Sept 28, 2023.
             Slain by Duvessa
             ... wielding a +0 short sword
              (13 damage)
             ... on level 4 of the Dungeon.
             The game lasted 00:07:06 (3592 turns).

Ijustatesigmund the Magician (DEFE)                 Turns: 3592, Time: 00:07:07

Health: 0/36       AC:  3    Str:  5    XL:     6   Next: 37%
Magic:  6/15       EV: 12    Int: 34    God:
Gold:   143        SH:  0    Dex: 15    Spells: 8/15 levels left

rFire   . . .        e - +2 spear (flame)
rCold   . . .        (no shield)
rNeg    . . .        a - +0 robe
rPois   .            (no helmet)
rElec   .            (no cloak)
rCorr   .            p - +0 pair of gloves
SInv    .            (no boots)
Will    .....        (no amulet)
Stlth   ++           d - +6 ring of intelligence
HPRegen 0.26/turn    n - +6 ring of intelligence
MPRegen 0.14/turn

%: no passive effects
@: attractive
A: no striking features
a: no special abilities


You were on level 4 of the Dungeon.
You visited 1 branch of the dungeon, and saw 4 of its levels.

You collected 143 gold pieces.

Inventory:

Hand Weapons
 e - a +2 spear of flaming (weapon)
Armour
 a - a +0 robe (worn)
 p - a +0 pair of gloves (worn)
Jewellery
 d - a +6 ring of intelligence (left hand)
 n - a +6 ring of intelligence (right hand)
 r - a +6 ring of dexterity
 u - a ring of willpower
Scrolls
 f - a scroll of teleportation {unknown}
 g - a scroll of amnesia
 i - a scroll of vulnerability {unknown}
 m - a scroll of enchant armour {unknown}
 o - 2 scrolls of poison {unknown}
 t - a scroll of enchant weapon {unknown}
 v - a scroll of fog {unknown}
Potions
 b - a potion of magic
 c - a potion of lignification
 h - 2 potions of curing
 j - a potion of brilliance
 k - a potion of degeneration {unknown}
 l - a potion of might {unknown}
 q - a potion of attraction
 s - a potion of enlightenment {unknown}


   Skills:
 + Level 2.3 Fighting
 - Level 2.4 Dodging
 - Level 2.4 Stealth
 + Level 5.2 Spellcasting
 + Level 3.6 Conjurations
 + Level 4.8 Fire Magic


You had 8 spell levels left.
You knew the following spells:

 Your Spells              Type           Power      Damage    Failure   Level
a - Foxfire               Conj/Fire      100%       2x1d9     1%          1
b - Scorch                Fire           82%        2d8       1%          2
c - Flame Wave            Conj/Fire      37%        2d10      8%          4

Your spell library contained the following spells:

 Spells                   Type           Power      Damage    Failure   Level
 Inner Flame              Hex/Fire       25%        N/A       4%          3
 Volatile Blastmotes      Fire/Tloc      50%        2d14      4%          3
 Blink                    Tloc           16%        N/A       7%          2
 Lesser Beckoning         Tloc           16%        N/A       7%          2
 Sublimation of Blood     Necr           8%         N/A       7%          2
 Wereblood                Tmut           8%         N/A       7%          2
 Gell's Gravitas          Tloc           8%         N/A       13%         3
 Teleport Other           Tloc           8%         N/A       13%         3
 Manifold Assault         Tloc           8%         N/A       41%         4
 Summon Hydra             Summ           4%         N/A       100%        7


Dungeon Overview and Level Annotations

Branches:
Dungeon (4/15)
 Temple: D:4-7

Altars:

Shops:
D:2 =

Annotations:
D:4 Duvessa


Message History

Casting: Scorch (safe; 1% risk of failure)
Confirm with . or Enter, or press ? or * to list all spells.
Flames lash Dowan.
Dowan is lightly wounded.
Dowan's fire resistance burns away.
The quokka bites you. The quokka bites you.
Unknown command.
Casting: Scorch (safe; 1% risk of failure)
Confirm with . or Enter, or press ? or * to list all spells.
Casting: Flame Wave (quite dangerous; 9% risk of failure)
Press: ? - help, Dir - look around, f - activate A wave of flame ripples out!
The flame wave engulfs the quokka!
You kill the quokka! (Press . to intensify the flame waves.)
The jelly quivers.
You hear an angry hiss. x2
A wave of flame ripples out!
The flame wave engulfs Dowan!
Dowan is burned terribly!
Dowan is heavily wounded.
The flame wave engulfs Duvessa.
Duvessa is lightly wounded.
Dowan is no longer more vulnerable to fire.
Dowan hits you with a +0 dagger.
A wave of flame ripples out!
The flame wave engulfs Dowan!
You kill Dowan!
Duvessa weeps, and shakes her weapon.
Duvessa goes berserk!
The flame wave engulfs Duvessa!
Duvessa is moderately wounded.
The flame wave engulfs the jelly!
The jelly is severely wounded.
You finish channelling waves of flame.
You hear a shout!
As you read the scroll labelled VAFUM PUHAFET, it crumbles to dust.
It is a scroll of amnesia.
Okay, then.
Duvessa hits you with a +0 short sword. Duvessa hits you with a +0 short sword!
It was a potion of attraction.
You feel attractive to monsters. Duvessa hits you with a +0 short sword!
You die...

....................
..........S.........
.........).......##
...........))....#
........#........#
........#.#.#.####
........#J#.#.#
......).#e#.#.#
#########@#.#.#
#.#.#.# #.#.#.#
#...#.# ### #.# #.#
#.# #.# #.#


You could see Duvessa (berserk), a jelly and a ball python.

Vanquished Creatures
  Eustachio (D:3)
  Dowan (D:4)
  4 gnolls
  3 adders
  A white imp (D:3)
  2 worms (D:2)
  2 dart slugs (D:1)
  5 orcs
  3 ball pythons
  4 endoplasms
  5 giant cockroaches
  8 goblins
  2 hobgoblins
  11 jackals
  4 kobolds
  5 quokkas
  9 bats
  3 frilled lizards (D:3)
  4 rats
77 creatures vanquished.

Vanquished Creatures (others)
  166 foxfires
166 creatures vanquished.

Grand Total: 243 creatures vanquished

Notes
Turn   | Place    | Note
-------+----------+-------------------------------------------
     0 | D:1      | Ijustatesigmund the Deep Elf Fire Elementalist began the
                  | quest for the Orb.
     0 | D:1      | Reached XP level 1. HP: 10/10 MP: 6/6
   275 | D:1      | Reached XP level 2. HP: 16/16 MP: 6/8
   278 | D:1      | Learned a level 2 spell: Scorch
   581 | D:1      | Reached XP level 3. HP: 12/20 MP: 5/10
   679 | D:1      | Found a faded altar of an unknown god.
   807 | D:1      | Reached skill level 1 in Fighting
  1324 | D:2      | Reached skill level 4 in Spellcasting
  1324 | D:2      | Reached XP level 4. HP: 25/25 MP: 4/12
  1823 | D:2      | Found Raifez's Jewellery Shoppe.
  2341 | D:3      | Learned a level 4 spell: Flame Wave
  2583 | D:3      | Reached XP level 5. HP: 22/29 MP: 8/13
  3225 | D:4      | Noticed Dowan
  3226 | D:4      | Noticed Eustachio
  3226 | D:4      | Noticed Duvessa
  3240 | D:3      | Killed Eustachio
  3241 | D:3      | Reached skill level 5 in Spellcasting
  3241 | D:3      | Reached XP level 6. HP: 21/35 MP: 2/15
  3590 | D:4      | Killed Dowan
  3592 | D:4      | Slain by Duvessa

Illustrated notes

Levels and vault maps discovered:
D:1:      dpeg_arrival_simpleton_a, layout_loops_ring,
          ebering_ecumenical_altar_abandoned
D:2:      layout_basic, serial_shops, shop, minivault_5
D:3:      layout_basic, bh_walls_and_bars
D:4:      layout_basic, uniq_eustachio, uniq_duvessa

Skill      XL: |  1  2  3  4  5 |
---------------+----------------+-----
Fighting       | 1 2 |  2.3
Conjurations   | 2 3 |  3.6
Spellcasting   | 4 5 |  5.2
Fire Magic     | 4 |  4.8
Dodging        | |  2.4
Stealth        | |  2.4

Action                     |  1- 3 |  4- 6 || total
---------------------------+-------+-------++-------
   Cast: Foxfire           |    40 |    62 ||   102
         Scorch            |    15 |    22 ||    37
         Flame Wave        |       |     2 ||     2
    Use: Scroll            |       |     4 ||     4
         Potion            |       |     1 ||     1
 Armour: Robe              |    17 |    19 ||    36
  Dodge: Dodged            |    26 |    19 ||    45

Table legend: (Time is in decaauts)
 A = Elapsed time spent in this place.
 B = Non-inter-level travel time spent in this place.
 C = Inter-level travel time spent in this place.
 D = Time resting spent in this place.
 E = Time spent auto-exploring this place.
 F = Levels seen in this place.
 G = Mean time per level.
                   A        B        C        D        E       F      G
               +--------+--------+--------+--------+--------+-----+--------+
         Total |   3590 |   3461 |    129 |    575 |   2353 |   4 |  897.5 |
       Dungeon |   3590 |   3461 |    129 |    575 |   2353 |   4 |  897.5 |
               +--------+--------+--------+--------+--------+-----+--------+

Top non-repeatable levels by time:
     D:1: 1268 daAuts
     D:3: 1130 daAuts
     D:2: 1065 daAuts
     D:4: 126 daAuts
